 Dungeon Crawl Stone Soup version 0.21.1-1-g345015fe64 (webtiles) character file.

93 Kohma the Grave Robber (level 4, -2/33 HPs)
             Began as a Hill Orc Necromancer on June 9, 2018.
             Succumbed to Jens78's ghost's poison
             ... on level 3 of the Dungeon.
             The game lasted 00:13:41 (3214 turns).

Kohma the Grave Robber (Hill Orc Necromancer)       Turns: 3214, Time: 00:13:41

Health: -2/33      AC:  5    Str: 10    XL:     4   Next: 62%
Magic:  7/7        EV: 10    Int: 16    God:
Gold:   114        SH:  0    Dex: 11    Spells: 2/7 levels left

rFire    . . .     SeeInvis .   l - +3 mace
rCold    . . .     Gourm    .   (no shield)
rNeg     . . .     Faith    .   f - +0 ring mail
rPois    .         Spirit   .   (no helmet)
rElec    .         Reflect  .   (no cloak)
rCorr    .         Harm     .   (no gloves)
MR       .....                  (no boots)
Stlth    +.........             (no amulet)
HPRegen  0.11/turn              (no ring)
MPRegen  0.10/turn              (no ring)

@: lethally poisoned (-2 -> -64), about to teleport
A: no striking features
a: no special abilities


You were on level 3 of the Dungeon.
You were not hungry.

You visited 1 branch of the dungeon, and saw 4 of its levels.

You collected 114 gold pieces.

Inventory:

Hand Weapons
 l - a +3 mace (weapon)
 v - a +2 flail of protection
Missiles
 q - 65 bolts
Armour
 a - a +0 robe
 f - a +0 ring mail (worn)
 m - a +0 buckler
Scrolls
 e - 3 scrolls of identify {unknown}
 h - 2 scrolls of magic mapping {unknown}
 r - 3 scrolls of teleportation
 s - 2 scrolls of remove curse {unknown}
 t - a scroll of fog {unknown}
 u - a scroll of blinking {unknown}
Potions
 g - 2 potions of berserk rage {unknown}
 i - a potion of brilliance {unknown}
 j - a potion of haste {unknown}
 k - a potion of might {unknown}
 p - a potion of flight {unknown}
Books
 b - a book of Necromancy

   Spells                             Type                      Level
   a - Pain                           Necromancy                   1
   b - Animate Skeleton               Necromancy                   1
   c - Vampiric Draining              Necromancy                   3
   d - Regeneration                   Charms/Necromancy            3
   e - Animate Dead                   Necromancy                   4
   f - Borgnjor's Vile Clutch         Necromancy/Earth             5
Comestibles
 c - 4 rations
 d - 2 chunks of flesh


   Skills:
 + Level 0.8 Maces & Flails
 * Level 2.2 Armour
 - Level 1.7 Dodging
 - Level 1.8 Stealth
 + Level 2.1 Spellcasting
 * Level 4.7 Necromancy


You had 2 spell levels left.
You knew the following spells:

 Your Spells              Type           Power        Failure   Level  Hunger
a - Pain                  Necr           ###.         8%          1    #......
b - Animate Skeleton      Necr           N/A          8%          1    #......
c - Regeneration          Chrm/Necr      #.........   52%         3    ###....


Dungeon Overview and Level Annotations

Branches:
Dungeon (4/15)
 Temple: D:4-7

Altars:
Ashenzari

Annotations:
D:3 Jens78's ghost, amateur OpTm


Message History

Jens78's ghost is severely damaged.
You feel very sick. Jens78's ghost hits you.
You are more poisoned.
Your goblin skeleton closely misses Jens78's ghost.
Jens78's ghost hits you.
* * * LOW HITPOINT WARNING * * *
You are more poisoned.
You hit Jens78's ghost.
Jens78's ghost is almost destroyed.
* * * LOW HITPOINT WARNING * * *
You feel very sick.
Your goblin skeleton hits Jens78's ghost with a dagger.
Jens78's ghost hits you.
* * * LOW HITPOINT WARNING * * *
You are more poisoned.
Okay, then.
As you read the scroll labeled BOUBRA TICWA, it crumbles to dust.
You feel strangely unstable.
It was a scroll of teleportation.
You die...

.... .# .# #.##.##.
#.# .. .#.#.#.#
#.#.#.# #.#
.#)#.#.#.# #W#.#
###.#
.#.#.#.#.#.#.#.# ##
#...#
.#.#.#.#.#.#.#.#.#.#
#...#
#.#.#.#.#.#.#.#+#.##
#....
.#.#.#.#.#.#.....#.#
#####
.#.#.#.#.....WZ..##
.#.#.#.#....@..#.#
.#.#.#'.......'###
.#.#.#..........#
#.#.##..........#
#.#.##..........#
#...##......[...#
##.Z#####.......#
#.># #.......# ##Z#
#.......#


You could see Jens78's ghost and a friendly goblin skeleton.

Vanquished Creatures
  4 adders (D:2)
  A worm (D:3)
  A dart slug (D:1)
  A leopard gecko (D:1)
  5 orcs
  8 bats
  5 giant cockroaches
  4 goblins
  3 hobgoblins
  2 frilled lizards
  4 kobolds
  4 rats
42 creatures vanquished.

Vanquished Creatures (collateral kills)
  2 leopard geckos
  A giant cockroach (D:2)
  A hobgoblin (D:1)
  A bat (D:1)
  A frilled lizard (D:1)
  2 rats
8 creatures vanquished.

Grand Total: 50 creatures vanquished

Notes
Turn   | Place    | Note
-------+----------+-------------------------------------------
     0 | D:1      | Kohma the Hill Orc Necromancer began the quest for the Orb.
     0 | D:1      | Reached XP level 1. HP: 14/14 MP: 3/3
    35 | D:1      | Learned a level 1 spell: Animate Skeleton
   208 | D:1      | Reached XP level 2. HP: 20/20 MP: 4/4
   588 | D:2      | Reached skill level 1 in Armour
   588 | D:2      | Reached XP level 3. HP: 5/26 MP: 0/5
   996 | D:1      | Learned a level 3 spell: Regeneration
  2106 | D:2      | Reached XP level 4. HP: 31/33 MP: 2/7
  2934 | D:3      | Found a shattered altar of Ashenzari.
  3202 | D:3      | Noticed Jens78's ghost (amateur OpTm)
  3214 | D:3      | Succumbed to Jens78's ghost's poison

Skill      XL: |  1  2  3  4 |
---------------+-------------+-----
Armour         | 1 2 |  2.2
Spellcasting   | 2 |  2.1
Maces & Flails | |  0.8
Dodging        | |  1.7
Stealth        | |  1.8
Necromancy     | |  4.7

Action                   |  1- 3 |  4- 6 || total
-------------------------+-------+-------++-------
Melee: Unarmed           |    36 |       ||    36
       Mace              |    16 |    40 ||    56
       Dagger            |    11 |       ||    11
 Cast: Pain              |    33 |    17 ||    50
       Animate Skeleton  |    17 |     6 ||    23
       Regeneration      |     1 |       ||     1
  Use: Scroll            |       |     1 ||     1
 Stab: Sleeping          |     1 |       ||     1
  Eat: Chunk             |     2 |     4 ||     6
       Ration            |     1 |       ||     1
Armor: Robe              |     6 |       ||     6
       Ring mail         |    36 |    16 ||    52
Dodge: Dodged            |    68 |    34 ||   102
